 Dungeon Crawl Stone Soup version 0.23.1 (webtiles) character file.

Game seed: 13965236633306650110

57 Fang the Skirmisher (level 4, -2/29 HPs)
             Began as a Gargoyle Berserker on Mar 15, 2019.
             Was a Believer of Trog.
             Slain by Grinder (7 damage)
             ... on level 3 of the Dungeon.
             The game lasted 00:02:18 (2443 turns).

Fang the Skirmisher (Gargoyle Berserker)            Turns: 2443, Time: 00:02:18

Health: -2/29      AC:  5    Str: 22    XL:     4   Next: 0%
Magic:  4/4        EV: 12    Int:  7    God:    Trog [**....]
Gold:   124        SH:  0    Dex:  9    Spells: 3/3 levels left

rFire    . . .     SeeInvis +   a - +0 hand axe
rCold    . . .     Gourm    .   (no shield)
rNeg     + . .     Faith    .   b - +0 animal skin
rPois    ∞         Spirit   .   (no helmet)
rElec    +         Reflect  .   (no cloak)
rCorr    .         Harm     .   (no gloves)
MR       .....                  (no boots)
Stlth    +.........             (no amulet)
HPRegen  0.09/turn              n - ring of see invisible
MPRegen  0.09/turn              (no ring)

@: berserk cooldown, slowed, very slow
A: negative energy resistance 1, electricity resistance, unbreathing,
petrification resistance, rot immunity, AC +3
a: Berserk, Trog's Hand, Renounce Religion


You were on level 3 of the Dungeon.
You worshipped Trog.
Trog was pleased with you.
You were very hungry.

You visited 1 branch of the dungeon, and saw 3 of its levels.

You collected 124 gold pieces.

Inventory:

Hand Weapons
 a - a +0 hand axe (weapon)
Armour
 b - a +0 animal skin (worn)
Jewellery
 n - a ring of see invisible (left hand)
 o - a +2 ring of intelligence {unknown}
Scrolls
 d - 4 scrolls of identify {unknown}
 g - 2 scrolls of fog {unknown}
 j - 3 scrolls of remove curse {unknown}
 k - a scroll of teleportation {unknown}
 m - 2 scrolls of immolation {unknown}
 p - 3 scrolls of noise {unknown}
Potions
 e - a potion of curing {unknown}
 h - 2 potions of lignification {unknown}
 i - a potion of agility {unknown}
 l - a potion of flight {unknown}
Comestibles
 c - 5 rations


   Skills:
 + Level 3.8 Fighting
 + Level 3.1 Axes
 + Level 2.9 Armour
 + Level 2.1 Dodging


You had 3 spell levels left.
You didn't know any spells.
Your spell library was empty.

Dungeon Overview and Level Annotations

Branches:
Dungeon (3/15)

Altars:

Annotations:
D:3 Grinder


Innate Abilities, Weirdness & Mutations

You are resistant to torment.
Your stone body is resilient. (AC +3)
You are immune to poison.
You resist negative energy. (rN+)
You are resistant to electric shocks. (rElec)
You can survive without breathing.
You are immune to petrification.
You are immune to rotting.


Message History

Grinder hits you but does no damage. Grinder gestures at you.
Pain shoots through your body!
You can move again.
Unknown command.
Grinder hits you but does no damage.
There is a stone staircase leading up here.
Grinder misses you. Grinder barely misses you. Grinder gestures at you.
Pain shoots through your body!
* * * LOW HITPOINT WARNING * * *
There is a stone staircase leading up here.
You hit Grinder.
Grinder is heavily wounded.
Grinder hits you.
* * * LOW HITPOINT WARNING * * *
You writhe in agony.
* * * LOW HITPOINT WARNING * * *
Grinder hits you!
You die...

#..........#
##..........#
............#
#..........#
#.........#
#........<#
#..#.###..#
#.5# #.@##
##.#.## #
#.###.# ###.#
##.#..#
.?....###..#.#
...5..)5..##.#
###.########.#
#.# #.#


You could see Grinder.

Vanquished Creatures
  An adder (D:2)
  2 worms (D:2)
  5 leopard geckos
  2 ball pythons (D:1)
  A giant cockroach (D:1)
  4 goblins
  7 hobgoblins
  5 bats
  3 kobolds
  9 rats
39 creatures vanquished.

Notes
Turn   | Place    | Note
-------+----------+-------------------------------------------
     0 | D:1      | Fang the Gargoyle Berserker began the quest for the Orb.
     0 | D:1      | Reached XP level 1. HP: 14/14 MP: 1/1
   297 | D:1      | Reached XP level 2. HP: 2/19 MP: 2/2
   899 | D:1      | Reached XP level 3. HP: 23/23 MP: 3/3
  1215 | D:2      | Reached ** piety under Trog
  1851 | D:3      | Noticed Grinder
  1861 | D:3      | Reached XP level 4. HP: 29/29 MP: 4/4
  1893 | D:3      | Paralysed by Grinder for 6 turns
  2431 | D:3      | Paralysed by Grinder for 6 turns
  2443 | D:3      | Slain by Grinder

Skill      XL: |  1  2  3 |
---------------+----------+-----
Axes           | 3 |  3.1
Dodging        | 2 |  2.1
Fighting       | |  3.8
Armour         | |  2.9

Action                   |  1- 3 |  4- 6 || total
-------------------------+-------+-------++-------
Melee: Hand axe          |   141 |    16 ||   157
Invok: Berserk           |     3 |     3 ||     6
  Eat: Chunk             |     5 |     1 ||     6
       Ration            |       |     1 ||     1
Armor: Animal skin       |    65 |     8 ||    73
Dodge: Dodged            |   115 |     7 ||   122
